[Event "4NCL 2022-2023"]
[Site "Daventry"]
[Date "2023.01.14"]
[Round "3.48"]
[White "Flint, Martina"]
[Black "Haydon, David L"]
[Result "0-1"]
[ECO "A03"]
[WhiteElo "1840"]
[BlackElo "2289"]
[Annotator "TA"]
[PlyCount "112"]
[EventDate "2022.10.20"]
[EventType "team-tourn"]
[EventCountry "ENG"]
[SourceTitle "playchess.com"]
[Source "ChessBase"]
[SourceQuality "1"]
[TimeControl "40/6000+30:2400+30"]

1. f4 Nf6 2. g3 d5 3. Nf3 c5 4. Bg2 Nc6 5. O-O g6 6. c3 Bg7 7. d3 O-O 8. Qc2 d4 9. c4 {[%emt 0:06:23] A03: Bird's Opening with 1...d5.} Ng4 10. h3 Ne3 11. Bxe3 {[%emt 0:00:08] Black is slightly better.} dxe3 12. Nc3 e5 13. fxe5 Nxe5 14. Nd5 {[%emt 0:01:32] [#]} Re8 $146 ({Predecessor:} 14... Nxf3+ 15. Rxf3 Bd7 16. Kh2 Bd4 17. Nxe3 Bc6 18. Nd5 Bxd5 19. cxd5 Qxd5 20. Raf1 Qxa2 {½-½ Kharmunova,N (2156)-Smirnova,E (2202) Moscow-ch (Women) 2017 (8)}) 15. Rab1 (15. Nxe3 $2 Nxf3+ 16. Rxf3 Bd4 $19) 15... Nc6 16. Kh2 Qd6 17. a3 Bd7 18. b4 cxb4 19. axb4 Rac8 20. Ng5 Bf5 21. Ne4 {[%emt 0:05:31] A dynamic duo of knights.} Qe5 22. Qa2 Nd4 23. Rbe1 Bxe4 (23... h5 {keeps more tension.} 24. Qxa7 Bxe4 25. dxe4 h4) 24. dxe4 a6 (24... h5 $11) 25. h4 (25. Nxe3 $14 Qg5 26. Nd5) 25... f5 {[%emt 0:00:00] Black is more active.} (25... g5 $1 $17 26. h5 g4) 26. Nxe3 Kh8 27. Nd5 (27. c5 $1 $14) 27... fxe4 $11 28. Rf4 e3 29. Re4 (29. Ref1 $14) 29... Qh5 {[%emt 0:00:00] aiming for ...Rxe4.} (29... Qb8 $5 30. Rg4 (30. Rxe3 Rxe3 31. Nxe3 Be5 $15) (30. Nxe3 $2 Rxe4 31. Bxe4 Re8 $19) 30... Be5 $15) 30. Rxe3 (30. Qb1 $11 {and White stays safe.}) 30... Rxe3 $19 31. Nxe3 Be5 (31... Re8 $19 32. Nf1 g5) 32. Kh3 $11 Bc7 {[%emt 0:03:40][%mdl 1024] Prevents Qa5. Black has compensation.} (32... Nf5 33. Bf3 (33. Bxb7 $2 Nxe3 34. Bf3 Qf5+ 35. Kh2 Rxc4 $19) 33... Qh6 34. Ng4 $16 (34. Bxb7 Qxe3) (34. Nxf5 gxf5 35. c5 Rg8 $14)) (32... g5 $5 33. Bf3 (33. Bxb7 $2 gxh4 34. g4 Qf7 $19) 33... Nxf3 34. exf3 Qxf3 $11) 33. Nd5 {[%emt 0:03:50] [#]} (33. Qa3 $11) 33... Qf5+ $1 $17 (33... Bxg3 34. Kxg3 Nf5+ 35. Kf2 Qxh4+ 36. Kf1 $11) 34. Kh2 Be5 {[%emt 0:00:30] [#]} (34... Qf2 $17 35. Nxc7 Qxe1) 35. Bf3 $2 Rf8 $2 (35... g5 $19 36. Ne7 Bxg3+ {[%mdl 64] Decoy} 37. Kxg3 Qe5+ 38. Kg2 Qxe7) 36. Rf1 $11 Kg7 (36... g5 $5 37. Bg2 Bxg3+ 38. Kh1 (38. Kxg3 Qe5+) 38... Qc8 $11) 37. Qd2 {[%emt 0:00:53] Prevents g5.} Re8 (37... Qc8 $11 {remains equal.}) 38. Ne3 Qd7 (38... Qe6 $142) 39. Qd3 (39. Kg2 $16) 39... Bxg3+ $1 $40 {[%emt 0:00:07][%mdl 192] Double Attack. Black mounts an attack.} 40. Kg2 $1 {[%emt 0:00:48] Rd1 is the strong threat.} (40. Kxg3 $2 {too greedy.} Rxe3 41. Qd1 Qd6+ 42. Kg2 Qf4 $19) 40... Bxh4 $2 (40... Be5 $11) 41. Nd5 $2 (41. Bd5 $18 Bf6 42. Rxf6 {[%mdl 64] Remove Defender} Kxf6 43. Qxd4+ Kg5 44. Qd2) 41... Nxf3 $17 42. Qxf3 Qe6 43. e3 {[%emt 0:00:46] Nc7 would be deadly.} Bd8 {[%emt 0:01:42] Inhibits Nc7.} 44. Kg1 h5 45. Kh2 (45. Kg2 $17 {keeps fighting.}) 45... Be7 {[%emt 0:00:00] Hoping for ...Bd6+.} 46. c5 {[%emt 0:00:00] Prevents Bd6+.} (46. Qf4 $2 Bd6 47. Nc7 Bxf4+ $19) 46... Rd8 (46... Bg5 $19 47. Kg2 Qe5) 47. e4 (47. Nf4 $1 $15 Qf6 48. Qxb7 Rd2+ 49. Kg1) 47... Qe5+ 48. Kh1 $2 (48. Qf4 $17 Qxf4+ 49. Nxf4 Rd2+ 50. Kg3) 48... Rf8 $19 {[%emt 0:00:00][%mdl 64] Skewer} 49. Nf4 Kh6 50. Kg2 Qg5+ 51. Kh2 Qh4+ 52. Kg2 g5 53. Rh1 Rxf4 (53... Qxf4 54. Qxh5+ Kg7 55. Qh7+ Kf6 56. Rh6+ Ke5 57. Qxe7+ Kd4 58. Qd7+ (58. Qxb7 $2 {leads to mate.} Qf1+ 59. Kh2 Rf2+ 60. Kg3 Qg2#) 58... Ke3 59. Rh3+ Kxe4 60. Qd3+ Ke5 61. Qd6+ Ke4 62. Qd3+ Ke5 63. Re3+ Kf6 64. Rf3 $18) 54. Rxh4 Rxf3 {[%emt 0:00:00] Black is clearly winning.} 55. Rh1 Rb3 {[%emt 0:00:00][%cal Og5g4] Threatens to win with ...g4!} 56. Rd1 Rxb4 {[%emt 0:00:00] A cool game by Haydon.   Weighted Error Value: White=0.73/Black=0.39} 0-1

[Event "4NCL 2022-2023"]
[Site "Daventry"]
[Date "2023.01.15"]
[Round "4.1"]
[White "Chow, Samuel"]
[Black "Pert, Nicholas"]
[Result "0-1"]
[ECO "D10"]
[WhiteElo "2318"]
[BlackElo "2540"]
[Annotator "TA"]
[PlyCount "108"]
[EventDate "2022.10.20"]
[EventType "team-tourn"]
[EventCountry "ENG"]
[SourceTitle "playchess.com"]
[Source "ChessBase"]
[SourceQuality "1"]
[TimeControl "40/6000+30:2400+30"]

1. d4 d5 2. c4 c6 3. Nc3 Nf6 4. e3 Bf5 5. cxd5 cxd5 6. Qb3 Nc6 {[%emt 0:00:53] is the new trend. D10: Slav Defence: 3 cxd5 (without early Nf3) and 3 Nc3.} 7. Qxb7 Bd7 $1 8. Qb3 Rb8 {[%emt 0:00:46] White has an edge.} 9. Qd1 e5 10. dxe5 Nxe5 11. Be2 (11. Nge2 $5 ) 11... Bd6 12. Nf3 Nxf3+ 13. Bxf3 Qc7 14. h3 O-O $1 15. O-O Rfd8 16. Qe2 Bh2+ 17. Kh1 {[%emt 0:00:07] Black should prevent g3.} Be5 $1 18. a4 (18. Bxd5 $2 Bxc3 19. bxc3 Nxd5 $19) (18. Nxd5 $2 Nxd5 19. a4 (19. Bxd5 $2 Bb5 $19 {[%mdl 64] Discovered Attack}) 19... Be6 $19) 18... Be6 19. Rd1 Rb4 20. Nb5 Qd7 {[%emt 0:06:31][%cal Oe6h3] [#]} 21. Kg1 $146 ({Predecessor:} 21. Nd4 Bxh3 22. Kg1 Bg4 23. a5 Bc7 24. b3 Rbb8 25. Bb2 Re8 26. Rdc1 h5 27. Rc6 {0-1 Arabidze,M (2441)-Gunina,V (2480) EU-chT (Women) 23rd 2021 (4.1)}) 21... Rh4 {[%emt 0:13:49] [#]} ({Better is} 21... Rc8 $14) 22. Nd4 ({White should play} 22. e4 $1 Nxe4 23. g3 Bxg3 24. fxg3 Rxh3 25. Bxe4) 22... Bb8 (22... Rc8 $142) 23. Nxe6 $16 Qxe6 24. Rd4 (24. Bd2 $142) 24... Qe5 {[%emt 0:03:41] [#] ( -> ...Qh2+)} 25. Qd1 (25. Rxh4 $2 Qh2+ 26. Kf1 Qh1#) (25. Rf4 g5 26. g3 gxf4 $11) (25. g3 $1 $16 Rxh3 26. Bd2) 25... Rxd4 $11 26. exd4 Qh2+ $40 {[%emt 0:02:14][%mdl 128] White needs to defend precisely.} 27. Kf1 Re8 28. Be3 h5 29. Rc1 Bf4 30. Ke2 (30. Bxh5 $2 Nxh5 31. Qxh5 Qh1+ 32. Ke2 Qxc1 $19) 30... g5 31. Kd2 {[%emt 0:04:19] [#] White is on the road to losing.} (31. Rc6 $1 $11 {keeps the balance.} Bxe3 {[%mdl 64] Remove Defender} 32. fxe3) 31... g4 $1 $17 {[%emt 0:03:28][%mdl 512] Black is more active.} 32. hxg4 hxg4 33. Bxd5 (33. Qh1 $17 {was worth a try.} gxf3 34. Qxh2 Bxh2 35. gxf3) 33... Qh4 $19 (33... Nxd5 34. Qxg4+ Kf8 35. Rc8 $17) 34. Bxf4 (34. Bxf7+ $142 Kxf7 35. Qb3+ Kg7 36. g3 Bxg3 37. Qb7+ Kg6 38. Qg2 Ne4+ 39. Kd3 Bxf2 40. Rh1 Qxh1 41. Qxh1 Bxe3 42. Qg2) 34... Qxf2+ (34... Nxd5 35. Be3 $16) 35. Kd3 {[%emt 0:00:10][%cal Og2g3] g3! would be deadly.} Qxf4 (35... Nxd5 36. Qxg4+ Kf8 37. Bh6+ Ke7 38. Qe4+ Kf6 39. Rc6+ Re6 40. Qe5+ Ke7 41. Bg5+) 36. Bc4 $2 (36. Rc5 Nd7 37. Rb5) 36... Qf2 ({Stronger than} 36... Re3+ 37. Kc2 $11) 37. Kc3 Re3+ ({Inferior is} 37... Qxg2 38. b3 $17) 38. Bd3 Qxg2 {[%emt 0:00:22] Threatens to win with ...Ne4+.} 39. Qc2 Qd5 40. Kd2 Qg2+ (40... Qxd4 $2 {perishes.} 41. Qc4 Ne4+ 42. Kc2 Qxc4+ 43. Bxc4 $19) 41. Kc3 $1 Qf3 {[%emt 0:03:27] And now ...Nd5+ would win.} 42. b3 Kg7 {[%emt 0:12:54] Strongly threatening ...Nd5+.} 43. Rg1 g3 {[%emt 0:06:20] Hoping for ...Ne4+.} 44. a5 Ne4+ 45. Kc4 Nd6+ {[%emt 0:00:23][%mdl 64] Deflection} 46. Kc5 Nb7+ (46... Rxd3 $142 47. Rc1 Qh5+ {[%mdl 64] Deflection} 48. Kb4 Rxd4+ 49. Ka3 Qxa5+ 50. Kb2 Rd2 51. Qxd2 Qxd2+ 52. Rc2 Qxc2+ {[%mdl 64] Promotion} 53. Kxc2 g2 54. Kd3 g1=Q 55. Kd2 Qd4+ 56. Kc2 Ne4 57. b4 Qc3+ 58. Kb1 Nd2+ 59. Ka2 Qb3+ 60. Ka1 Qb1#) 47. Kc4 Nd6+ (47... Nxa5+ $19 48. Kc3 Nc6) 48. Kc5 $1 Rxd3 {[%emt 0:01:14] Black mates.} 49. Kxd6 Rxd4+ {[%emt 0:00:02] KQR-KQR} 50. Kc7 Qf4+ 51. Kb7 Rb4+ 52. Kc6 Qf6+ 53. Kc7 Qe7+ 54. Kc6 Qb7+ {[%emt 0:00:23] Artfully played by Pert.   Weighted Error Value: White=0.50/Black=0.44} 0-1

[Event "4NCL 2022-2023"]
[Site "Daventry"]
[Date "2023.01.15"]
[Round "4.2"]
[White "Williams, Simon K"]
[Black "Townsend, M Paul"]
[Result "1/2-1/2"]
[ECO "D00"]
[WhiteElo "2467"]
[BlackElo "2161"]
[Annotator "TA"]
[PlyCount "36"]
[EventDate "2022.10.20"]
[EventType "team-tourn"]
[EventCountry "ENG"]
[SourceTitle "playchess.com"]
[Source "ChessBase"]
[SourceQuality "1"]
[TimeControl "40/6000+30:2400+30"]

1. Nc3 d5 2. d4 Nf6 3. Bf4 c5 4. e4 dxe4 5. dxc5 Nbd7 6. Bb5 {[%emt 0:00:00] [#] Threatens to win with Qd4. D00: 1 d4 d5: Unusual lines.} e5 $146 {[%emt 0:00:00] Against Qd4} ({Predecessor:} 6... a6 7. c6 axb5 8. c7 e5 9. cxd8=Q+ Kxd8 10. Bxe5 Be7 11. Nge2 {1-0 Bharath,S (2479)-Bagrationi,A (2468) Titled Tuesday intern op 28th Jun Early blitz 2022 (3)}) 7. Bxe5 Bxc5 8. Bxf6 {[%emt 0:00:00][%mdl 64] [#] Remove Defender} Qxf6 9. Nxe4 Qxb2 10. Rb1 ({Reject} 10. Bxd7+ Bxd7 11. Rb1 (11. Nxc5 $2 Qc3+ 12. Kf1 Qxc5 $19) 11... Qxa2 12. Nxc5 Qa5+ 13. Qd2 Qxc5 $17) 10... Qe5 (10... Qxa2 $2 11. Nxc5 O-O 12. Nxd7 $18 (12. Bxd7 Rd8 $16)) 11. Qe2 O-O {[%emt 0:00:00] aiming for ...Re8.} 12. Nf3 Qe7 13. Bxd7 (13. O-O $11) 13... Bxd7 $17 14. Rxb7 {[%emt 0:00:00] [#]} Rab8 ({Better is} 14... Bb6 $1 $17 {Strongly threatening ...Qb4+.} 15. O-O Qe6) 15. Nxc5 $11 {[%emt 0:00:00] The position is equal.} Qxc5 16. Rxb8 (16. Rxd7 $2 {too greedy.} Rfe8 17. Rd2 Rxe2+ 18. Kxe2 Re8+ 19. Kd3 Qf5+ 20. Kc3 Qa5+ 21. Kd3 Qa6+ 22. c4 Qg6+ 23. Kd4 Qg4+ 24. Kc3 Qxg2 $19) 16... Rxb8 17. O-O Be6 18. Rc1 Qa3 {[%emt 0:00:00] Weighted Error Value: White=0.11 (very precise) /Black=0.10 (very precise)} 1/2-1/2

[Event "4NCL 2022-2023"]
[Site "Daventry"]
[Date "2023.01.15"]
[Round "4.3"]
[White "Weller, Jean-Luc"]
[Black "Kirk, Ezra"]
[Result "0-1"]
[ECO "A80"]
[WhiteElo "2233"]
[BlackElo "2432"]
[Annotator "TA"]
[PlyCount "86"]
[EventDate "2022.10.20"]
[EventType "team-tourn"]
[EventCountry "ENG"]
[SourceTitle "playchess.com"]
[Source "ChessBase"]
[SourceQuality "1"]
[TimeControl "40/6000+30:2400+30"]

1. Nf3 f5 2. d4 g6 3. Nc3 Nf6 4. Bg5 d5 5. Ne5 {[%emt 0:11:55] [#]} Be6 $146 ({Predecessor:} 5... Bg7 6. f3 c6 7. Qd2 Nbd7 8. O-O-O Nf8 9. Bh6 Bxh6 10. Qxh6 Be6 11. h4 Qc7 {0-1 Brandao,M (2036)-Pereira,S (2289) Fortaleza op 26th 2011 (1)}) 6. f3 {[%emt 0:03:01][%cal Bf2f3,Bf3e4,Be4d5][%mdl 32] A80: Dutch Defence: Unusual White second moves.} Nbd7 {[%emt 0:02:32] [#]} 7. e4 fxe4 $15 8. fxe4 {[%emt 0:04:03] Black is slightly better.} Nxe5 9. Bxf6 $1 exf6 10. exd5 $1 Bg4 11. Be2 Bxe2 (11... Qe7 $1 $15 12. dxe5 Qxe5) 12. Qxe2 $11 {[%emt 0:00:10][%mdl 64] Pin} Bd6 13. dxe5 Bxe5 14. O-O-O O-O {[%emt 0:04:00] Black is weak on the light squares} 15. Qd3 Qd7 16. Ne4 Qa4 (16... Rae8 $11) 17. a3 Qa5 {[%emt 0:00:28] Dodges Nc5} 18. h4 Rad8 19. Qc4 {[%emt 0:06:44] Against c6} Qb6 20. c3 Qe3+ $1 ({Don't do} 20... f5 21. Nc5 $16) 21. Kb1 b5 $1 22. Qd3 Qb6 (22... Qxd3+ $11 {keeps the balance.} 23. Rxd3 h5) 23. h5 $16 {[%emt 0:01:32] Strongly threatening hxg6.} g5 24. Qh3 ({White should try} 24. Rde1 $16) 24... a5 $14 25. Qf5 {[%emt 0:01:34][%cal Oe4g5] Threatens to win with Nxg5!} Rde8 26. Rhe1 b4 27. Ka2 (27. cxb4 $1 $11 axb4 28. a4) 27... bxc3 $15 28. bxc3 Qb5 {[%emt 0:00:30] And now ...Rb8 would win.} (28... a4 $5 29. Rb1 $8 Qa6 $15) 29. Qf1 Qa4 $40 {[%emt 0:04:21][%mdl 128] Black attacks.} 30. Qd3 {[%emt 0:01:38] Inhibits Qc2+.} Bd6 31. Nxd6 cxd6 32. Rxe8 Rxe8 $11 {[%emt 0:00:05][%mdl 4096] Endgame KQR-KQR} 33. Rb1 (33. c4 $11) 33... Qg4 $15 34. h6 $2 ({White should play} 34. Rb2 $15) 34... Qxg2+ $19 35. Rb2 {[%emt 0:00:01] [#]} Qh1 36. Qb5 Rf8 (36... Qe4 $19 {aiming for ...g4.} 37. a4 f5) 37. Qd7 {[%emt 0:01:15][%mdl 8192] Dodges g4} (37. Qc6 $11) 37... Qxd5+ 38. Ka1 Qh1+ 39. Ka2 Qxh6 40. Qxd6 Qg7 41. Rb8 $2 (41. c4 Qf7 42. Qc6) 41... Qf7+ {[%emt 0:00:00] Black is clearly winning.} 42. Kb2 Rxb8+ 43. Qxb8+ Kg7 {[%emt 0:00:00] Excellently played by Kirk!   Weighted Error Value: White=0.52/Black=0.18 (very precise)} 0-1

[Event "4NCL 2022-2023"]
[Site "Daventry"]
[Date "2023.01.15"]
[Round "4.4"]
[White "Pert, Richard G"]
[Black "Wall, Tim P"]
[Result "1-0"]
[ECO "C41"]
[WhiteElo "2411"]
[BlackElo "2258"]
[Annotator "TA"]
[PlyCount "89"]
[EventDate "2022.10.20"]
[EventType "team-tourn"]
[EventCountry "ENG"]
[SourceTitle "playchess.com"]
[Source "ChessBase"]
[SourceQuality "1"]
[TimeControl "40/6000+30:2400+30"]

1. d4 d6 2. e4 Nf6 3. Nc3 e5 4. Nge2 exd4 5. Nxd4 Be7 6. Be2 O-O 7. O-O Re8 8. Re1 Bf8 {[%emt 0:07:07] C41: Philidor Defence.} 9. Bf1 Nc6 10. Bg5 Be7 {[%emt 0:04:41] [#] White is slightly better.} 11. h3 $146 ({Predecessor:} 11. Nxc6 bxc6 12. e5 dxe5 13. Rxe5 Qxd1 14. Rxd1 Be6 15. Ree1 Rab8 16. b3 Bf5 17. Bd3 Bxd3 18. Rxd3 {1-0 Montoliu Cervero,F (2338)-Vassallo Barroche,M (2430) ESP-chT CECLUB Div1 2015 (4.4)}) 11... h6 12. Bh4 Nxd4 13. Qxd4 c6 14. Rad1 Qb6 15. Qxb6 axb6 16. a3 Be6 17. f4 b5 18. f5 Bc4 19. Bxc4 bxc4 20. e5 dxe5 21. Rxe5 Bd6 {[%emt 0:08:11][%mdl 64] [#] Discovered Attack} 22. Rxe8+ (22. Rxd6 $2 {is the wrong capture.} Rxe5 23. Bxf6 gxf6 $19) 22... Nxe8 23. Ne4 Be5 24. c3 Nc7 25. Rd7 b5 26. Kf2 (26. Nd6 $14) 26... Nd5 $11 27. Bg3 Nb6 28. Rd2 Re8 29. Bxe5 Rxe5 {[%emt 0:00:08][%mdl 4096] Endgame KRN-KRN} 30. Rd8+ Kh7 31. Nd6 {[%emt 0:00:04][%cal Od8h8] Threatens to win with Rh8+!} g6 32. g4 (32. Nxf7 $2 {loses.} Rxf5+ 33. Kg1 Rxf7 $19) (32. Rf8 $5 ) 32... gxf5 33. Nxf5 {[%emt 0:00:15] Black should prevent Rf8.} Na4 34. Rd6 Nxb2 (34... Re6 $11 {deserves consideration.}) 35. Rxh6+ $14 Kg8 36. Rxc6 Nd1+ 37. Kf3 Nxc3 38. Kf4 Re4+ 39. Kg5 {[%emt 0:00:14] Black must now prevent Rc8+.} Nb1 $2 (39... Nd5 $11) 40. Rc8+ $18 Kh7 {[%emt 0:00:02] [#]} 41. Kf6 $1 Nd2 42. Kxf7 {[%emt 0:07:10] Intending Rc6 and mate.} Nf3 43. Kf6 Ne5 44. Rc7+ Kh8 45. g5 {[%emt 0:04:17] Weighted Error Value: White=0.08 (flawless) /Black=0.32} 1-0

[Event "4NCL 2022-2023"]
[Site "Daventry"]
[Date "2023.01.15"]
[Round "4.5"]
[White "Li, Harry"]
[Black "Arkell, Keith C"]
[Result "0-1"]
[ECO "A41"]
[WhiteElo "2099"]
[BlackElo "2406"]
[Annotator "TA"]
[PlyCount "72"]
[EventDate "2022.10.20"]
[EventType "team-tourn"]
[EventCountry "ENG"]
[SourceTitle "playchess.com"]
[Source "ChessBase"]
[SourceQuality "1"]
[TimeControl "40/6000+30:2400+30"]

1. e4 g6 2. d4 Bg7 3. c4 d6 4. Nc3 Nc6 5. Nf3 Bg4 6. d5 Nd4 7. Be2 Bxf3 8. Bxf3 c5 {[%emt 0:01:18] A41: 1 d4 d6: Tartakower System and Modern Defence.} 9. O-O Nf6 10. Be3 Nd7 {[%emt 0:00:34] White has an edge.} 11. Bg4 {[%emt 0:05:57] [#]} a6 $146 {[%emt 0:08:02] Black is weak on the light squares} ({Predecessor:} 11... O-O 12. Bxd7 Qxd7 13. Rb1 b6 14. Qd3 e5 15. dxe6 fxe6 16. f4 Rf7 17. Rf2 Raf8 {1-0 Burmakin,V (2575)-Lorenzo de la Riva,L (2424) Montcada op 21st 2013 (4)}) 12. f4 b5 13. b3 O-O (13... Nf6 $5 14. Bf3 (14. Bxd4 cxd4 15. Qxd4 O-O $17) 14... bxc4 $11) 14. Rb1 Rb8 (14... Nf6 $5 ) 15. Ne2 Nf6 {[%emt 0:17:10] A dynamic duo of knights.} (15... bxc4 {looks sharper.} 16. Nxd4 cxd4 17. Bxd4 cxb3 18. Rxb3 Bxd4+ 19. Qxd4 Nc5) 16. Bf3 Nxf3+ 17. gxf3 e6 (17... Qd7 $15) 18. Ng3 bxc4 {[%emt 0:05:28] ...exd5 would be deadly.} 19. bxc4 (19. dxe6 $1 $11 fxe6 20. bxc4) 19... Rxb1 20. Qxb1 exd5 21. cxd5 Re8 {[%emt 0:00:20] White must now prevent ...Nxd5.} 22. Rd1 h5 23. Qb7 h4 24. Nf1 Nh5 25. Qxa6 {[%emt 0:03:13] [#]} (25. Kh1 $15) 25... Bh6 $1 $17 26. Kh1 Nxf4 {[%emt 0:00:58] aiming for ...Qg5.} (26... Bxf4 27. Bxf4 Nxf4 28. Ne3 $15) 27. Nd2 (27. Qb5 $1 $15) 27... Qf6 28. Bxc5 $2 {[%emt 0:01:32] This move loses the game for White.} (28. Rb1 $17) 28... Nh3 $19 {[%emt 0:00:55] And now ...Bxd2 would win.} (28... Qg5 29. Rg1 (29. Bxd6 $2 Qg2#) 29... Qh5 30. Bxd6 $11 (30. Qc6 Rd8 $11)) 29. Qf1 (29. Qxd6 Nf2+ 30. Kg1 Qxd6 31. Bxd6 Nxd1 $19) 29... dxc5 30. Qxh3 Qc3 31. Nb3 (31. Qd7 Ra8 32. Qb5 Bxd2 $19) 31... Rxe4 {[%emt 0:01:41] ( -> ...Re1+)} 32. Nxc5 $2 {[%emt 0:01:46] [#]} ({Not} 32. Qc8+ $2 Kg7 33. Rf1 Re1 $19) (32. Qf1 $19 Re8 33. d6) 32... Re1+ {[%emt 0:00:57] Black mates.} 33. Rxe1 Qxe1+ 34. Kg2 Qe2+ 35. Kh1 Be3 ({Worse is} 35... Qxa2 36. Qc8+ Kh7 37. Ne4 $17 (37. Qb7 {gets mated.} h3 38. Qxf7+ Bg7)) 36. Qc8+ Kh7 {[%emt 0:00:05] Weighted Error Value: White=0.51/Black=0.09 (flawless)} 0-1

[Event "4NCL 2022-2023"]
[Site "Daventry"]
[Date "2023.01.15"]
[Round "4.6"]
[White "Eggleston, David J"]
[Black "Clarke, Connor"]
[Result "1-0"]
[ECO "B04"]
[WhiteElo "2359"]
[BlackElo "1973"]
[Annotator "TA"]
[PlyCount "125"]
[EventDate "2022.10.20"]
[EventType "team-tourn"]
[EventCountry "ENG"]
[SourceTitle "playchess.com"]
[Source "ChessBase"]
[SourceQuality "1"]
[TimeControl "40/6000+30:2400+30"]

1. e4 Nf6 2. e5 Nd5 3. d4 d6 4. Nf3 dxe5 5. Nxe5 g6 6. Bc4 Be6 7. O-O Bg7 8. Re1 O-O {[%emt 0:00:48][%cal Oc7c5] B04: Alekhine's Defence: 4 Nf3.} 9. Bb3 {[%emt 0:01:50] [#]} a5 $146 ({Predecessor:} 9... Nd7 10. Nf3 c6 11. Rxe6 fxe6 12. Qe2 e5 13. dxe5 Nc5 14. Nbd2 Nxb3 15. axb3 Nf4 16. Qc4+ {0-1 Mamedov,R (2654)-Carlsen,M (2863) Katara Bullet Final blitz 2020 (2.6)}) 10. c3 Nd7 {[%emt 0:06:37] White is slightly better.} 11. Nf3 c5 12. Ng5 {[%emt 0:01:48] aiming for Rxe6.} (12. Na3 $5) 12... Nc7 13. Nxe6 Nxe6 14. Bxe6 fxe6 15. d5 Nf6 16. dxe6 Qxd1 17. Rxd1 Ra6 18. Be3 Rc8 19. Na3 Rxe6 20. h3 Kf7 21. Nb5 a4 22. Rab1 Ne4 23. Bf4 Rb6 24. c4 Rcc6 (24... Bd4 $11) 25. f3 Nd6 26. Bxd6 exd6 27. f4 Bf8 (27... Bd4+ $14 28. Kh2 (28. Nxd4 cxd4 29. b3 axb3 $16) 28... Ke6) 28. Rd5 Rc8 29. Rbd1 {[%emt 0:01:12] White is more active.} ({White should play} 29. Kf2 $16) 29... Re8 $14 30. Rxd6 ({Of course not} 30. Nxd6+ Bxd6 31. Rxd6 Rxb2 32. Rd7+ Re7 $17) 30... Bxd6 31. Nxd6+ Rxd6 32. Rxd6 {[%emt 0:00:04][%mdl 4096] Endgame KR-KR} Re4 33. Rd7+ Ke6 34. Rxh7 Rxc4 35. Rxb7 Rxf4 36. Rb6+ Kf7 $1 37. a3 Kg7 (37... Rc4 $14) 38. Re6 $1 $16 Rc4 39. Kf2 $1 Rc1 (39... Kf7 $16 {was worth a try.} 40. Re3 Rd4) 40. Re2 (40. Re1 $18 Rc4 41. Ke3) 40... c4 $1 $14 41. Kf3 c3 42. bxc3 Rxc3+ 43. Re3 Rc4 44. g4 Kf6 45. Kg3 Rc2 46. Rd3 Ke5 $2 {[%emt 0:03:00] [#]} (46... Rc4 $14) 47. Re3+ $2 (47. Kh4 $1 $18 ) 47... Kd4 $2 {[%emt 0:01:17][%mdl 8192] [#]} (47... Kf6 $1 $11) 48. Rf3 $1 $18 g5 49. h4 gxh4+ 50. Kxh4 Ke5 $2 (50... Ke4 51. Rf8 Ra2) 51. Kg5 (51. Rf5+ $142 Kd6 52. Rf4) 51... Rc8 52. Rf5+ Ke6 53. Rf4 Rc3 54. Rxa4 Kf7 55. Rf4+ Kg7 56. a4 Rc1 57. a5 (57. Rf5 $142 Rc6 58. Ra5) 57... Ra1 58. Rf5 Ra4 59. Rb5 Kf7 60. Kf5 {[%emt 0:00:04] Threatening mate with Rb7+.} Ra2 61. g5 {[%emt 0:00:21] Rb7+ would kill now.} Rc2 62. Rb7+ Kg8 63. a6 {[%emt 0:00:05] Weighted Error Value: White=0.33/Black=0.32} 1-0

[Event "4NCL 2022-2023"]
[Site "Daventry"]
[Date "2023.01.15"]
[Round "4.7"]
[White "Arnott, Jonathan W"]
[Black "Radeva, Viktoria"]
[Result "1/2-1/2"]
[ECO "C02"]
[WhiteElo "2063"]
[BlackElo "2242"]
[Annotator "TA"]
[PlyCount "65"]
[EventDate "2022.10.20"]
[EventType "team-tourn"]
[EventCountry "ENG"]
[SourceTitle "playchess.com"]
[Source "ChessBase"]
[SourceQuality "1"]
[TimeControl "40/6000+30:2400+30"]

1. e4 c5 2. Nf3 e6 3. c3 d5 4. e5 Nc6 5. d4 Qb6 6. Bd3 cxd4 7. O-O $1 {[%emt 0:00:49][%mdl 4] is more profitable than 7.cxd4 at the moment. C02: French: Advance Variation.} Bd7 8. Qe2 Rc8 9. cxd4 Nb4 {[%emt 0:10:09] White must now prevent ...Nxd3.} 10. Nc3 Nxd3 11. Qxd3 Bb4 12. Rd1 Ne7 13. Bg5 h6 14. Bd2 {[%emt 0:03:54] [#]} Nf5 $146 ({Predecessor:} 14... O-O 15. a3 Bxc3 16. Bxc3 Bb5 17. Qd2 Nc6 18. b3 a5 19. Rab1 Qa6 20. Rb2 a4 21. bxa4 Bxa4 {½-½ Buchicchio,G (1825)-Pulito,A (2032) ITA-ch U20 25th 2002 (8)}) 15. g4 Ne7 16. Rac1 h5 17. h3 Ng6 (17... hxg4 {is interesting.} 18. hxg4 f5 19. Bg5 fxg4 20. Nh4 Rc4) 18. Ne2 Rxc1 19. Rxc1 hxg4 20. hxg4 Nh4 21. Bg5 Nxf3+ 22. Qxf3 Be7 23. Bxe7 Kxe7 24. Qa3+ Kd8 (24... Ke8 $5) 25. Kg2 Bb5 (25... Ke8 $11 {keeps the balance.}) 26. Ng3 (26. Ng1 {keeps more tension.} Kd7 27. Nf3 Bc4 28. b3) 26... Bc6 {[%emt 0:06:30] [#]} (26... Bd7 $14) 27. Qc3 {[%emt 0:13:20] White is more active.} (27. Qd6+ $1 $16 Ke8 28. Qb8+ (28. Nh5 Rxh5 29. gxh5 Qxd4 $11) 28... Qd8 29. Qxa7) 27... Qa6 {[%emt 0:01:10] [#]} (27... Kc8 $11) 28. b3 ({White should try} 28. Qf3 $1 $16 Ke8 29. Nh5) 28... Qa3 $14 (28... Qxa2 $2 29. Ra1 $18) 29. Qd2 Kc7 30. b4 {[%emt 0:02:37] Hoping for b5.} Kb8 {[%emt 0:00:45] The position is equal.} 31. Qc3 Qxc3 (31... Qxa2 $2 32. b5 Qa4 33. bxc6 $18) 32. Rxc3 Rh4 33. f3 {[%emt 0:00:42] Weighted Error Value: White=0.17 (very precise) /Black=0.18 (very precise)} 1/2-1/2